 Dungeon Crawl Stone Soup version 0.27.1-34-g3ba077fa99 (webtiles) character file.

Game seed: 5697080650347842530

112 DerDa the Magician (level 4, -3/30 HPs)
             Began as a Mummy Hedge Wizard on Jan 23, 2022.
             Killed from afar by Natasha (5 damage)
             ... with a magic dart
             ... on level 2 of the Dungeon.
             The game lasted 00:09:44 (3630 turns).

DerDa the Magician (Mummy Hedge Wizard)             Turns: 3630, Time: 00:09:45

Health: -3/30      AC:  3    Str: 13    XL:     4   Next: 63%
Magic:  2/10       EV: 12    Int: 14    God:
Gold:   42         SH:  0    Dex: 11    Spells: 6/12 levels left

rFire    x . .     SeeInvis .   a - +0 dagger
rCold    + . .     Faith    .   (no shield)
rNeg     + + +     Spirit   .   b - +0 robe
rPois    ∞         Reflect  .   c - +0 hat
rElec    .         Harm     .   (no cloak)
rCorr    .         Rampage  .   (no gloves)
Will     .....                  e - +0 pair of boots
Stlth    ++........             (no amulet)
HPRegen  0.10/turn              (no ring)
MPRegen  0.12/turn              (no ring)

@: no status effects
A: cold resistance 1, negative energy resistance 3, torment resistance 2, heat
vulnerability 1, no potions
a: no special abilities


You were on level 2 of the Dungeon.
You visited 1 branch of the dungeon, and saw 3 of its levels.

You collected 42 gold pieces.

Inventory:

Hand Weapons
 a - a +0 dagger (weapon)
Armour
 b - a +0 robe (worn)
 c - a +0 hat (worn)
 e - a +0 pair of boots (worn)
Scrolls
 d - a scroll of enchant armour {unknown}
 f - 2 scrolls of teleportation {unknown}
 g - a scroll of identify {unknown}
 h - a scroll of fog {unknown}
 i - a scroll of immolation {unknown}


   Skills:
 - Level 1.6 Dodging
 - Level 1.7 Stealth
 + Level 4.8 Spellcasting
 + Level 2.1 Conjurations
 - Level 1.1 Summonings
 - Level 1.1 Translocations
 + Level 1.0 Air Magic
 + Level 1.0 Poison Magic


You had 6 spell levels left.
You knew the following spells:

 Your Spells              Type           Power      Damage    Failure   Level
a - Magic Dart            Conj           36%        1d4       8%          1
b - Mephitic Cloud        Conj/Pois/Air  7%         N/A       30%         3
c - Call Imp              Summ           6%         N/A       17%         2

Your spell library contained the following spells:

 Spells                   Type           Power      Damage    Failure   Level
 Blink                    Tloc           N/A        N/A       17%         2
 Slow                     Hex            3%         N/A       26%         2
 Conjure Flame            Conj/Fire      6%         6-21      34%         3
 Portal Projectile        Hex/Tloc       8%         N/A       38%         3
 Excruciating Wounds      Necr           1%         N/A       99%         5
 Blade Hands              Tmut           Unusable   N/A       N/A         5

Dungeon Overview and Level Annotations

Branches:
Dungeon (3/15)

Altars:
Ashenzari
Dithmenos
Trog
Yredelemnul

Annotations:
D:2 Natasha, Terence
D:3 Jessica, Sigmund


Innate Abilities, Weirdness & Mutations

You are immune to poison.
Your flesh is cold resistant. (rC+)
You are immune to negative energy. (rN+++)
You are immune to unholy pain and torment.
You are vulnerable to heat. (rF-)
You do not drink.


Message History

The magic dart hits Natasha.
Natasha is heavily wounded.
Natasha barely misses you.
Casting: Magic Dart (safe; 8% risk of failure)
Confirm with . or Enter, or press ? or * to list all spells.
You don't have enough magic to cast this spell.
Unknown command.
You hit Natasha but do no damage.
Natasha is heavily wounded.
Natasha barely misses you.
You miss Natasha.
Natasha is heavily wounded.
Natasha closely misses you.
You hit Natasha but do no damage.
Natasha is heavily wounded.
Natasha closely misses you.
You closely miss Natasha.
Natasha is heavily wounded.
Natasha claws you.
You hit Natasha.
Natasha is heavily wounded.
Natasha stares at you and mumbles some strange words.
The magic dart hits you.
* * * LOW HITPOINT WARNING * * *
Natasha claws you.
* * * LOW HITPOINT WARNING * * *
You climb upwards.
Level annotation: Terence
There is a stone staircase leading down here.
Natasha barely misses you.
Natasha mumbles some strange words.
You feel troubled. Natasha claws you.
* * * LOW HITPOINT WARNING * * *
Natasha casts a spell at you. You resist with some effort.
Your magical contamination has completely faded away.
Natasha stares at you and mumbles some strange words.
The magic dart hits you.
You die...

#....#######.###.##
###........##.#.##
##.#####.###.## #.# #.#
#.# #.# #.# #.# #.# #.#
#.# #.# #.# #.# #h#####.#
#.# #...@.#.# #.#
#.###.#.# #.# #.#.....#
#.# #.#.#.### #.#
######### #......# #.#
........#####.####.####.#
..............# #.##...#
.##.#.#.####### #.##.###
.##.#.#.# #.##.#


You could see Natasha.

Vanquished Creatures
  4 adders
  5 dart slugs
  3 ball pythons
  6 endoplasms
  7 giant cockroaches
  5 goblins
  7 hobgoblins
  3 quokkas
  8 bats
  4 frilled lizards
  4 kobolds
  4 rats
60 creatures vanquished.

Notes
Turn   | Place    | Note
-------+----------+-------------------------------------------
     0 | D:1      | DerDa the Mummy Hedge Wizard began the quest for the Orb.
     0 | D:1      | Reached XP level 1. HP: 13/13 MP: 5/5
   131 | D:1      | Reached skill level 1 in Conjurations
   309 | D:1      | Reached XP level 2. HP: 19/19 MP: 2/7
   910 | D:1      | Reached skill level 1 in Summonings
   910 | D:1      | Reached skill level 1 in Translocations
  1300 | D:1      | Found a faded altar of an unknown god.
  1382 | D:1      | Reached XP level 3. HP: 24/24 MP: 5/8
  1860 | D:2      | Learned a level 3 spell: Mephitic Cloud
  2020 | D:2      | Noticed Terence
  2571 | D:2      | Reached XP level 4. HP: 24/30 MP: 3/10
  3287 | D:3      | Learned a level 2 spell: Call Imp
  3287 | D:3      | Noticed Jessica
  3461 | D:3      | Reached skill level 1 in Air Magic
  3469 | D:3      | Reached skill level 1 in Poison Magic
  3508 | D:3      | Noticed Sigmund
  3522 | D:3      | Found a shadowy altar of Dithmenos.
  3522 | D:3      | Found a bloodstained altar of Trog.
  3522 | D:3      | Found a basalt altar of Yredelemnul.
  3523 | D:3      | Found a broken altar of Ashenzari.
  3527 | D:3      | Noticed Natasha
  3625 | D:2      | HP: 1/30 [Natasha (1)]
  3630 | D:2      | Killed from afar by Natasha

Illustrated notes

Levels and vault maps discovered:
D:1:      dpeg_arrival_radiant, layout_loops_ring,
          shapermc_ecumenical_altar_venn, minmay_worlds_worst_comb
D:2:      layout_loops_ring, uniq_terence
D:3:      layout_basic, chequers_temple_overflow_statue_of_worship,
          uniq_natasha, uniq_jessica, uniq_sigmund

Skill      XL: |  1  2  3  4 |
---------------+-------------+-----
Conjurations   | 1 2 |  2.1
Summonings     | 1 |  1.1
Translocations | 1 |  1.1
Air Magic      | 1 |  1.0
Poison Magic   | 1 |  1.0
Dodging        | |  1.6
Stealth        | |  1.7
Spellcasting   | |  4.8

Action                   |  1- 3 |  4- 6 || total
-------------------------+-------+-------++-------
Melee: Dagger            |    25 |     5 ||    30
 Cast: Magic Dart        |   141 |    55 ||   196
Armor: Robe              |    17 |     5 ||    22
Dodge: Dodged            |    38 |    18 ||    56
